 Dungeon Crawl Stone Soup version 0.28-a0-695-gff097466f2 (webtiles) character file.

Game seed: 11593759843742574636

2 BlueGoblin the Conjurer (level 1, 0/11 HPs)
             Began as an Octopode Conjurer on Oct 22, 2021.
             Frozen to death by an endoplasm (5 damage)
             ... on level 1 of the Dungeon.
             The game lasted 00:00:59 (66 turns).

BlueGoblin the Conjurer (Octopode Conjurer)           Turns: 66, Time: 00:00:59

Health: 0/11       AC:  1    Str:  6    XL:     1   Next: 40%
Magic:  0/3        EV: 13    Int: 20    God:
Gold:   11         SH:  0    Dex: 10    Spells: 3/4 levels left

rFire   . . .      SeeInvis .   (no weapon)
rCold   . . .      Faith    .   (no shield)
rNeg    . . .      Spirit   .   (helmet restricted)
rPois   .          Reflect  .   (no amulet)
rElec   .          Harm     .   (no ring)
rCorr   .          Rampage  .   (no ring)
Will    .....                   (no ring)
Stlth   ++++......              (no ring)
HPRegen 0.03/turn               (no ring)
MPRegen 0.08/turn               (no ring)
                                (no ring)
                                (no ring)

@: no status effects
A: almost no armour, amphibious, 8 rings, camouflage 1, gelatinous body 1,
nimble swimmer 1, tentacles
a: no special abilities


You were on level 1 of the Dungeon.
You visited 1 branch of the dungeon, and saw 1 of its levels.

You collected 11 gold pieces.

You aren't carrying anything.


   Skills:
 + Level 2.0 Dodging
 - Level 2.6 Stealth
 + Level 2.0 Spellcasting
 + Level 4.1 Conjurations


You had 3 spell levels left.
You knew the following spells:

 Your Spells              Type           Power      Damage    Failure   Level
a - Magic Dart            Conj           72%        1d6       3%          1

Your spell library contained the following spells:

 Spells                   Type           Power      Damage    Failure   Level
 Searing Ray              Conj           36%        2d5       4%          2
 Dazzling Flash           Conj/Hex       20%        N/A       21%         3
 Fulminant Prism          Conj/Hex       5%         3d7       56%         4
 Iskenderun's Mystic Bla  Conj/Tloc      10%        2d4       56%         4


Dungeon Overview and Level Annotations

Branches:
Dungeon (1/15)

Altars:


Innate Abilities, Weirdness & Mutations

You cannot wear most types of armour.
You are amphibious.
You can wear up to eight rings at the same time.
Your skin changes colour to match your surroundings (Stealth+).
Your rubbery body absorbs attacks. (AC +1, EV +1)
You are camouflaged near water. (Stealth+)
You have tentacles for arms and can constrict up to eight enemies at once.


Message History

You squeeze the bat, but do no damage.
The bat is severely wounded.
You constrict the bat.
You kill the bat!
The endoplasm hits the plant.
The plant begins to die.
A nearby plant withers and dies.
The endoplasm splashes around in the water.
A nearby plant withers and dies.
The endoplasm hits the plant.
The plant begins to die.
The endoplasm splashes around in the water.
The endoplasm hits the plant.
Aiming: Magic Dart (safe; 3% risk of failure)
Press: ? - help, Q - select action Shift-Dir - straight line, f - rat
Aim: a rat (100% to hit)
The magic dart hits the rat.
The rat is moderately wounded.
The endoplasm hits the plant.
A nearby plant withers and dies.
The endoplasm hits the plant.
The plant begins to die.
The endoplasm hits the plant.
You don't have enough magic to cast this spell.
The endoplasm hits the plant.
The endoplasm hits the plant.
A nearby plant withers and dies.
You don't have enough magic to cast this spell.
Aiming: Magic Dart (safe; 3% risk of failure)
Press: ? - help, Q - select action Shift-Dir - straight line, f/p - rat
Aim: a rat (moderately wounded, 100% to hit)
The magic dart hits the rat.
The rat is severely wounded.
Unknown command.
The endoplasm splashes around in the water.
You tentacle-slap the endoplasm but do no damage.
The endoplasm freezes you.
You are frozen.
You don't have enough magic to cast this spell.
The endoplasm closely misses you. The endoplasm freezes you.
You are frozen.
You die...

#. #.# .# #. #.# .##+##
###.### ###.##.#≈..♣♣
#.....###......#≈...♣♣
(..............#≈≈K..♣
.......[#......#≈≈...♣#
......J.#......#≈≈≈r..#
....K...#......#≈J≈≈..#
........#......#@.P≈..#
>.......#.†....#≈.P≈≈.#
...........#...#≈≈.P≈.#
........##...K.#.≈≈.≈<+
........###....#<.≈P≈.#
........# ##...'..≈≈≈.#
........# #...#...≈≈≈#
........# #...#♣.<.≈≈#
.......## #####♣....≈#


You could see an endoplasm, a kobold and a rat.

Vanquished Creatures
  2 bats (D:1)
2 creatures vanquished.

Vanquished Creatures (others)
  4 plants (D:1)
4 creatures vanquished.

Grand Total: 6 creatures vanquished

Notes
Turn   | Place    | Note
-------+----------+-------------------------------------------
     0 | D:1      | BlueGoblin the Octopode Conjurer began the quest for the
                  | Orb.
     0 | D:1      | Reached XP level 1. HP: 11/11 MP: 3/3
    66 | D:1      | Frozen to death by an endoplasm

Illustrated notes

Levels and vault maps discovered:
D:1:      tarquinn_simple_flora_water_c, layout_rooms,
          shapermc_ecumenical_altar_totnotflames, serial_shops, shop

Action                   || total
-------------------------++-------
Melee: Unarmed           ||     5
       Constrict         ||     2
       Tentacles         ||     1
 Cast: Magic Dart        ||     7
Armor: Skin              ||     4
Dodge: Dodged            ||    14

Table legend: (Time is in decaauts)
 A = Elapsed time spent in this place.
 B = Non-inter-level travel time spent in this place.
 C = Inter-level travel time spent in this place.
 D = Time resting spent in this place.
 E = Time spent auto-exploring this place.
 F = Levels seen in this place.
 G = Mean time per level.
                   A        B        C        D        E       F      G
               +--------+--------+--------+--------+--------+-----+--------+
         Total |     66 |     66 |      0 |      0 |      9 |   1 |   66.0 |
       Dungeon |     66 |     66 |      0 |      0 |      9 |   1 |   66.0 |
               +--------+--------+--------+--------+--------+-----+--------+

Top non-repeatable levels by time:
     D:1: 66 daAuts
